 Dungeon Crawl Stone Soup version 0.29.1-1-gd02db6906a (webtiles) character file.

Game seed: 244767621292857746

4321 RogueRain17 the Stormcaller (level 10, -1/50 HPs)
             Began as a Tengu Air Elementalist on Oct 10, 2022.
             Was a Priest of Sif Muna.
             Succumbed to an orc's curare-tipped dart
             ... on level 8 of the Dungeon on Oct 11, 2022.
             The game lasted 00:47:12 (11193 turns).

RogueRain17 the Stormcaller (TeAE)                 Turns: 11193, Time: 00:47:14

Health: -1/50      AC:  6    Str:  9    XL:     10   Next: 33%
Magic:  10/16      EV: 14    Int: 20    God:    Sif Muna [***...]
Gold:   678        SH:  0    Dex: 14    Spells: 9/16 levels left

rFire   x . .      SeeInvis .   B - +0 shortbow (vorpal)
rCold   + . .      Faith    .   (shield currently unavailable)
rNeg    . . .      Spirit   .   a - +0 robe
rPois   .          Reflect  .   (helmet restricted)
rElec   .          Harm     .   (no cloak)
rCorr   .          Rampage  .   (no gloves)
Will    .....                   (boots unavailable)
Stlth   ++........              (no amulet)
HPRegen 0.16/turn               j - +4 ring of protection
MPRegen 0.15/turn               o - ring of ice

@: lethally poisoned (-1 -> -29), flying quickly and evasively, slowed, very
slow
A: beak, talons 3, nimble flight
a: Renounce Religion, Channel Magic, Forget Spell


You were on level 8 of the Dungeon.
You worshipped Sif Muna.
Sif Muna was most pleased with you.
You visited 2 branches of the dungeon, and saw 9 of its levels.
You also visited: Sewer.

You collected 678 gold pieces.

Inventory:

Hand Weapons
 b - a +2 rapier of freezing
 B - a +0 vorpal shortbow (weapon)
Armour
 a - a +0 robe (worn)
Jewellery
 j - a +4 ring of protection (left hand)
 o - a ring of ice (right hand)
 x - an amulet of faith
Wands
 A - a wand of iceblast (1)
Scrolls
 c - 10 scrolls of identify {unknown}
 d - 5 scrolls of teleportation {unknown}
 h - 3 scrolls of immolation {unknown}
 i - 2 scrolls of enchant weapon {unknown}
 q - 3 scrolls of blinking
 r - a scroll of fog {unknown}
 s - a scroll of summoning {unknown}
 u - a scroll of brand weapon {unknown}
 v - a scroll of noise {unknown}
 y - 3 scrolls of magic mapping {unknown}
 z - a scroll of fear {unknown}
 C - a scroll of acquirement {unknown}
Potions
 e - 7 potions of curing
 f - a potion of mutation {unknown}
 g - 2 potions of haste {unknown}
 k - a potion of ambrosia {unknown}
 l - a potion of heal wounds {unknown}
 m - 4 potions of might {unknown}
 n - 2 potions of degeneration {unknown}
 p - 2 potions of invisibility {unknown}
 t - a potion of brilliance {unknown}
 w - a potion of resistance {unknown}
 D - a potion of lignification {unknown}


   Skills:
 - Level 3.1 Ranged Weapons
 - Level 2.1 Dodging
 - Level 2.0 Stealth
 + Level 3.6 Spellcasting
 + Level 10.5 Conjurations
 * Level 15.0 Air Magic
 + Level 1.3 Invocations


You had 9 spell levels left.
You knew the following spells:

 Your Spells              Type           Power      Damage    Failure   Level
a - Shock                 Conj/Air       100%       1d9       1%          1
b - Static Discharge      Conj/Air       53%        3-10/arc  1%          2
c - Airstrike             Air            29%        2d(5-21)  1%          4

Your spell library contained the following spells:

 Spells                   Type           Power      Damage    Failure   Level
 Swiftness                Air            59%        N/A       1%          3
 Iskenderun's Battlesphe  Conj           45%        2d10      4%          5
 Freeze                   Ice            20%        1d4       14%         1
 Hailstorm                Conj/Ice       36%        3d9       16%         4
 Confusing Touch          Hex            3%         N/A       38%         3
 Frozen Ramparts          Ice            10%        1d2       38%         3
 Summon Guardian Golem    Hex/Summ       3%         N/A       38%         3
 Summon Ice Beast         Ice/Summ       5%         N/A       80%         4
 Orb of Destruction       Conj           22%        9d8       83%         7
 Iron Shot                Conj/Erth      12%        9d3       94%         6
 Summon Mana Viper        Hex/Summ       3%         N/A       98%         5
 Yara's Violent Unravell  Hex/Tmut       1%         3d3       98%         5
 Enfeeble                 Hex            1%         N/A       100%        7
 Monstrous Menagerie      Summ           1%         N/A       100%        7
 Spellforged Servitor     Conj/Summ      12%        N/A       100%        7


Dungeon Overview and Level Annotations

Branches:
Dungeon (8/15)             Temple (1/1) D:4           Sewer (visited)
   Lair: D:8-11

Altars:
Ashenzari
Cheibriados
Dithmenos
Elyvilon
Fedhas
Gozag
Hepliaklqana
Kikubaaqudgha
Makhleb
Nemelex Xobeh
Okawaru
Qazlal
Ru
Sif Muna
Trog
Uskayaw
Vehumet
Wu Jian
Xom
Yredelemnul
Zin
The Shining One

Shops:
D:5 =


Innate Abilities, Weirdness & Mutations

You have a beak for a mouth.
You have claws for feet.
Your magical nature lets you fly swiftly and evasively.


Message History

You are more poisoned.
You have difficulty breathing.
You feel as though you will be slow longer.
The orc throws a curare-tipped dart.
The curare-tipped dart closely misses you.
Casting: Airstrike (safe; 1% risk of failure)
Confirm with . or Enter, or press ? or * to list all spells.
Aiming: Shock (safe; 1% risk of failure)
Press: ? - help, Shift-Dir - straight line, f - orc
Aim: an orc, wielding a +0 club and quivering curare-tipped darts (74% to hit)
The zap hits the orc.
The orc is heavily wounded.
You feel extremely sick.
Casting: Shock (safe; 1% risk of failure)
Confirm with . or Enter, or press ? or * to list all spells.
Aiming: Shock (safe; 1% risk of failure)
Press: ? - help, Shift-Dir - straight line, f/p - orc
Aim: an orc, wielding a +0 club and quivering curare-tipped darts (heavily wounded, 74% to hit)
The zap hits the orc.
The orc is severely wounded.
You feel very sick.
The orc throws a curare-tipped dart.
The curare-tipped dart hits you.
You are lethally poisoned!
You have difficulty breathing.
* * * LOW HITPOINT WARNING * * *
You feel as though you will be slow longer.
The orc throws a curare-tipped dart.
The curare-tipped dart hits you.
You are more poisoned.
You have difficulty breathing.
* * * LOW HITPOINT WARNING * * *
You feel as though you will be slow longer.
Casting: Shock (safe; 1% risk of failure)
Confirm with . or Enter, or press ? or * to list all spells.
Aiming: Airstrike (safe; 1% risk of failure)
Press: ? - help, Dir - move target, f/p - orc
Aim: an orc, wielding a +0 club and quivering curare-tipped darts (severely wounded, empty space bonus: 3/8)
The air twists around and strikes the orc.
You kill the orc!
Sif Muna accepts your kill.
You die...

....#.......o######....#.#
...###..........{##....#.#
##.###......####)##....# .
#...'...)..# #.##..### ##
#####......# #.##..#
#......####'##..#♣.
#............#..'.≈
#...............#
.........#......@..#.#
.........#.........#.#
.........#.........#.#
....#.#..#.........#..
[...#.#............##. #.#
#.###..........# .# ## #.
#.........# #.........#


There were no monsters in sight!

Vanquished Creatures
  A deep elf pyromancer (D:7)
  Grinder (D:6)
  Eustachio (D:5)
  A wyvern (D:7)
  5 vampire mosquitoes (D:7)
  Edmund (D:8)
  An orc warrior (D:8)
  3 ogres
  6 centaurs
  2 phantoms
  3 kobold brigands
  3 bullfrogs
  4 scorpions
  4 necrophages
  2 howler monkeys (D:7)
  3 jellies
  2 orc priests
  3 hounds
  2 iguanas
  6 orc wizards
  A gnoll (D:8)
  12 adders
  A shadow imp (D:6)
  A white imp (D:6)
  An ufetubus (D:4)
  A worm (D:5)
  3 dart slugs (D:1)
  26 orcs
  21 endoplasms
  10 giant cockroaches
  11 goblins
  3 hobgoblins
  6 jackals
  15 kobolds
  17 quokkas
  9 ball pythons
  10 bats
  7 frilled lizards
  5 rats
214 creatures vanquished.

Vanquished Creatures (others)
  A bush (D:5)
1 creature vanquished.

Grand Total: 215 creatures vanquished

Notes
Turn   | Place    | Note
-------+----------+-------------------------------------------
     0 | D:1      | RogueRain17 the Tengu Air Elementalist began the quest for
                  | the Orb.
     0 | D:1      | Reached XP level 1. HP: 10/10 MP: 4/4
   220 | D:1      | Reached XP level 2. HP: 15/15 MP: 0/6
   659 | D:1      | Reached skill level 5 in Air Magic
   723 | D:1      | Reached XP level 3. HP: 19/19 MP: 5/7
  1633 | D:2      | Identified the +1 robe of Soatiled {Will+ Str+7 Int-4
                  | Archmagi}
  1773 | D:2      | Found a faded altar of an unknown god.
  2327 | D:3      | Reached XP level 4. HP: 21/24 MP: 0/8
  2840 | D:3      | You fall into a shaft and drop 1 floor!
  2849 | D:4      | Reached skill level 6 in Air Magic
  2925 | D:4      | Found a staircase to the Ecumenical Temple.
  2937 | Temple   | Entered the Ecumenical Temple
  2937 | Temple   | Found a transporter.
  2937 | Temple   | Found a transporter.
  2939 | Temple   | Found a transporter.
  2939 | Temple   | Found a transporter.
  3401 | D:4      | Learned a level 2 spell: Static Discharge
  3406 | D:4      | Learned a level 4 spell: Airstrike
  3429 | D:4      | Gained mutation: Your magical nature lets you fly swiftly
                  | and evasively. [Tengu growth]
  3429 | D:4      | Reached XP level 5. HP: 24/28 MP: 5/9
  3506 | D:4      | Reached skill level 7 in Air Magic
  4096 | D:4      | Reached XP level 6. HP: 20/32 MP: 5/10
  4509 | D:4      | Found a shimmering blue altar of Sif Muna.
  4517 | D:4      | Became a worshipper of Sif Muna the Loreminder
  4537 | D:5      | Entered Level 5 of the Dungeon
  4568 | D:5      | Reached skill level 8 in Air Magic
  4601 | D:5      | Found a glowing drain.
  4611 | Sewer    | Entered a sewer
  4731 | Sewer    | Reached skill level 5 in Conjurations
  4978 | Sewer    | Reached * piety under Sif Muna
  5389 | Sewer    | Reached XP level 7. HP: 36/36 MP: 8/11
  5404 | Sewer    | Reached skill level 9 in Air Magic
  5408 | Sewer    | Reached ** piety under Sif Muna
  5606 | D:5      | Found a radiant altar of Vehumet.
  5881 | D:5      | Reached skill level 10 in Air Magic
  5881 | D:5      | Reached XP level 8. HP: 38/41 MP: 1/12
  6112 | D:5      | Noticed Edmund
  6118 | D:5      | Found a stormy altar of Qazlal.
  6551 | D:5      | Noticed Eustachio
  6696 | D:5      | Found Extih's One-of-a-Kind Rings.
  6764 | D:5      | Killed Eustachio
  6765 | D:5      | Reached skill level 11 in Air Magic
  7566 | D:6      | Found a basalt altar of Yredelemnul.
  7577 | D:6      | Reached skill level 12 in Air Magic
  8040 | D:6      | Found a broken altar of Ashenzari.
  8052 | D:6      | Reached XP level 9. HP: 30/45 MP: 7/13
  8171 | D:6      | Noticed Grinder
  8186 | D:6      | Paralysed by Grinder for 4 turns
  8240 | D:6      | Killed Grinder
  8462 | D:6      | Reached skill level 13 in Air Magic
  8785 | D:7      | Reached *** piety under Sif Muna
  8791 | D:7      | Identified the +7 quarterstaff "Eryrijyrgh" {freeze, rElec
                  | rPois rN++ Int-2}
  9501 | D:7      | Noticed a cyan ugly thing
  9534 | D:7      | Reached skill level 14 in Air Magic
  9542 | D:7      | Reached skill level 1 in Ranged Weapons
  9574 | D:7      | Noticed a troll
  9727 | D:7      | Reached skill level 10 in Conjurations
  9736 | D:7      | Reached XP level 10. HP: 9/50 MP: 1/15
 10318 | D:7      | Noticed a deep elf pyromancer
 10327 | D:7      | Killed a deep elf pyromancer
 10481 | D:7      | Found a burning altar of Makhleb.
 10481 | D:7      | Found a blossoming altar of Fedhas.
 10586 | D:7      | Reached skill level 1 in Invocations
 11107 | D:8      | Killed Edmund
 11108 | D:8      | Reached skill level 15 in Air Magic
 11193 | D:8      | Succumbed to an orc's curare-tipped dart

Illustrated notes

Levels and vault maps discovered:
D:1:      co_arrival_square_in_a_square_in_a_square, layout_loops_ring,
          minmay_misc_feat_nine_boxes
D:2:      layout_loops_ring, chequers_ecumenical_altar_twisty
D:3:      layout_basic
D:4:      layout_rooms, marbit_many_paths, minmay_temple_entry_wispy,
          minmay_box_of_dots
D:5:      layout_gridville, mainiacjoe_overflow_surrounded_room,
          grunt_qazlal_sundering, cheibrodos_sewer_entry_drain, enter_ossuary_1,
          minivault_4, nicolae_shop_unique_rings, st_stairs_11,
          kb_lookout_dungeons_type, uniq_edmund, uniq_eustachio
D:6:      layout_cave_pools, lemuel_doored_altar, lemuel_round_altar,
          uniq_grinder
D:7:      kennysheep_windowed_halls, layout_rooms,
          gammafunk_temple_overflow_wave, guppyfry_early_elven_hall
D:8:      layout_basic, hex_intersection, minmay_misc_feat_iff,
          kennysheep_generic_room_13
Temple:   hellmonk_temple_divided_pantheon

Skill      XL: |  1  2  3  4  5  6  7  8  9 10 |
---------------+-------------------------------+-----
Conjurations   | 2 3 4 5 6 8 10 | 10.5
Air Magic      | 5 6 7 8 10 12 14 15 | 15.0
Ranged Weapons | 2 3 |  3.1
Spellcasting   | 3 |  3.6
Invocations    | 1 |  1.3
Dodging        | |  2.1
Stealth        | |  2.0

Action                   |  1- 3 |  4- 6 |  7- 9 | 10-12 || total
-------------------------+-------+-------+-------+-------++-------
Melee: Unarmed           |     2 |       |     1 |       ||     3
       Kick              |     1 |       |     1 |     1 ||     3
       Peck              |       |       |     1 |       ||     1
       Rapier            |       |       |     3 |     3 ||     6
 Fire: Shortbow          |       |       |       |     1 ||     1
 Cast: Shock             |    88 |   172 |   126 |    29 ||   415
       Static Discharge  |       |     3 |    20 |     1 ||    24
       Airstrike         |       |       |    37 |    16 ||    53
Evoke: Wand              |       |       |     8 |       ||     8
  Use: Potion            |       |     2 |       |       ||     2
       Scroll            |       |       |     1 |       ||     1
Armor: Robe              |     2 |     2 |    14 |     8 ||    26
Dodge: Dodged            |    14 |     8 |    24 |     6 ||    52
